 Dungeon Sprint DCSS version 0.30.1-11-g7821555f0a (webtiles) character file.

Game seed: 11001276812562145496

23220 Heoruswealwe the Phalangite (level 12, -2/133 HPs)
             Began as a Minotaur Fighter on Nov 20, 2023.
             Was an Initiate of Gozag.
             Killed from afar by a fire giant (30 damage)
             ... with a bolt of fire
             ... in the Dungeon (Sprint IX: "|||||||||||||||||||||||||||||").
             The game lasted 00:28:33 (2629 turns).

Heoruswealwe the Phalangite (Minotaur Fighter)      Turns: 2629, Time: 00:28:35

Health: -2/133     AC: 31    Str: 29    XL:     12   Next: 69%
Magic:  11/11      EV:  7    Int:  5    God:    Gozag
Gold:   677        SH:  0    Dex: 10    Spells: 11/11 levels left

rFire   . . .        b - +2 halberd (venom)
rCold   . . .        (shield currently unavailable)
rNeg    . . .        c - +1 crystal plate armour
rPois   +            (helmet restricted)
rElec   .            (no cloak)
rCorr   .            f - +0 pair of gloves
SInv    .            e - +0 pair of boots
Will    .....        i - amulet of regeneration Stlth
                     k - +3 ring of strength
HPRegen 1.22/turn    j - ring of poison resistance
MPRegen 0.12/turn

%: no teleportation
@: no status effects
A: horns 2, retaliatory headbutt
a: Renounce Religion, Potion Petition, Call Merchant, Bribe Branch


You were in the Dungeon.
You worshipped Gozag.
Gozag was pleased with you.
You visited 1 branch You collected 7948 gold pieces.
You spent 2484 gold pieces at shops.
You paid 4787 gold pieces to Gozag.

Inventory:

Hand Weapons
 a - a +0 trident
 b - a +2 halberd of venom (weapon)
 l - a +3 glaive
Armour
 c - a +1 crystal plate armour (worn)
 d - a +1 tower shield
 e - a +0 pair of boots (worn)
 f - a +0 pair of gloves (worn)
Jewellery
 i - an amulet of regeneration (around neck)
 j - a ring of poison resistance (right hand)
 k - a +3 ring of strength (left hand)
Wands
 h - a wand of light (10)
 s - a wand of flame (12)
Scrolls
 p - 4 scrolls of identify
 r - 3 scrolls of enchant weapon
 x - a scroll of brand weapon
Potions
 g - 4 potions of haste
 m - a potion of resistance
 n - 6 potions of heal wounds
 q - 3 potions of curing
 t - 4 potions of mutation
 u - 3 potions of cancellation
 v - a potion of berserk rage
 w - a potion of ambrosia
 z - a potion of might
Miscellaneous
 o - a lightning rod (4/4)


   Skills:
 + Level 20.1 Fighting
 * Level 26.9 Polearms
 + Level 20.1 Armour
 - Level 3.6 Shields


You had 11 spell levels left.
You didn't know any spells.
Your spell library was empty.

Dungeon Overview and Level Annotations

Branches:
Dungeon (1/1)

Altars:
Cheibriados
Dithmenos
Elyvilon
Fedhas
Gozag
Hepliaklqana
Kikubaaqudgha
Makhleb
Nemelex Xobeh
Okawaru
Qazlal
Ru
Sif Muna
Trog
Uskayaw
Vehumet
Wu Jian
Xom
Yredelemnul
Zin
The Shining One
Jiyva
Lugonu

Shops:
D !((!*?*((


Innate Abilities, Weirdness & Mutations

You have a pair of horns on your head.
You reflexively headbutt those who attack you in melee.


Message History

Reach: b) +2 halberd (venom)
Press: ? - help, Dir - move target, f - green ugly thing
Aim: a green ugly thing (about 26% to evade your +2 halberd of venom)
You reach to attack!
You barely miss the green ugly thing.
The green ugly thing is no longer distracted by gold.
You impale the green ugly thing!!
The green ugly thing is heavily wounded.
The green ugly thing headbutts you but does no damage.
You slice the green ugly thing like a ripe choko!!!
You kill the green ugly thing!
The fire giant gestures at you while chanting.
The bolt of fire hits you!
A stone giant comes into view.
The stone giant shouts!
The fire giant gestures at you while chanting.
The fireball explodes!
The fireball engulfs you!!!
The fireball engulfs the fire giant.
The fire giant resists.
You see here 63 gold pieces.
You hit the fire giant but do no damage.
The fire giant is poisoned.
You headbutt the fire giant!
The fire giant is lightly wounded.
You hit the fire giant but do no damage.
The fire giant looks as sick as possible!
Your headbutt misses the fire giant.
The fire giant is lightly wounded.
The vampire mage is no longer distracted by gold.
The fire giant gestures at you while chanting.
The fireball explodes!
The fireball engulfs you!!
* * * LOW HITPOINT WARNING * * *
The fireball engulfs the fire giant!
The fire giant resists.
The vampire mage casts a spell.
The vampire mage flickers and vanishes!
Deactivating autopickup; reactivate with Ctrl-A.
You slash the fire giant!
The fire giant looks as sick as possible!
The fire giant is heavily wounded.
The fire giant points at you and mumbles some strange words.
The bolt of fire hits you!!
You die...
Your body crumbles into a pile of gold.

,,,,,,,,+,,,,,,,,,,,,,,,,,,,,,+,,
*********************************
,,,,,,,,,,,,,,,,,,,,,,,,,,,,,,,,,
*********************************
,,,,,,,+,,,,,,,,,+,,,,,,,,,+,,,,,
*********************************
,,,,,,,,,,,,,,,,,,,,,,,,,,,,,,,,,
▓▓▓▓▓▓▓▓▓▓▓▓▓▓▓▓▓▓▓▓▓▓▓▓*********
[[.[.......?..$$@CC..C..,,,,,,+,,
▓▓▓▓▓▓▓▓▓▓▓▓▓▓▓▓▓▓▓▓▓▓▓▓▓▓▓▓▓▓▓▓▓
.........................).......
▓▓▓▓▓▓▓▓▓▓▓▓▓▓▓▓▓▓▓▓▓▓▓▓▓▓▓▓▓▓▓▓▓
))))))).....'[!...∩.∩.∩.∩.∩.∩.'.∩
▓▓▓▓▓▓▓▓▓▓▓▓▓▓▓▓▓▓▓▓▓▓▓▓▓▓▓▓▓▓▓▓▓
.................................
▓▓▓▓▓▓▓▓▓▓▓▓▓▓▓▓▓▓▓▓▓▓▓▓▓▓▓▓▓▓▓▓▓
...'.........'.........)..'...[[[


You could see a fire giant (extremely poisoned), a stone giant and a cyclops.

Vanquished Creatures
  An ettin (D)
  A hydra (D)
  Erolcha (D)
  A catoblepas (D)
  2 boulder beetles (D)
  3 centaur warriors (D)
  Erica (D)
  Sonja (D)
  10 orc high priests (D)
  2 lindwurms (D)
  5 orc knights (D)
  4 ugly things (D)
  A cyclops (D)
  2 manticores (D)
  5 cane toads (D)
  2 komodo dragons (D)
  An unseen horror (D)
  2 tyrant leeches (D)
  A wyvern (D)
  A shadow (D)
  A wraith (D)
  3 yaks (D)
  5 water moccasins (D)
  11 orc warriors (D)
  A black bear (D)
  A centaur (D)
  2 bullfrogs (D)
  A scorpion (D)
  A killer bee (D)
  A hound (D)
  6 orc wizards (D)
  An adder (D)
  An ufetubus (D)
  4 worms (D)
  A dart slug (D)
  5 orcs (D)
  A quokka (D)
  A ball python (D)
  A bat (D)
  A frilled lizard (D)
96 creatures vanquished.

Notes
Turn   | Place    | Note
-------+----------+-------------------------------------------
     0 | D        | Heoruswealwe the Minotaur Fighter began the quest for the
                  | Orb.
     0 | D        | Reached XP level 1. HP: 19/19 MP: 0/0
    15 | D        | Reached skill level 3 in Polearms
    28 | D        | Noticed a scorpion
    28 | D        | Noticed a hound
    28 | D        | Noticed a black bear
    33 | D        | Killed a scorpion
    34 | D        | Reached skill level 5 in Fighting
    34 | D        | Reached skill level 6 in Polearms
    34 | D        | Reached skill level 5 in Armour
    34 | D        | Reached XP level 2. HP: 21/30 MP: 1/1
    34 | D        | Reached XP level 3. HP: 26/37 MP: 2/2
    36 | D        | Reached skill level 7 in Polearms
    36 | D        | Reached XP level 4. HP: 33/45 MP: 3/3
    45 | D        | Killed a black bear
    46 | D        | Reached skill level 9 in Polearms
    46 | D        | Reached XP level 5. HP: 34/52 MP: 4/4
    57 | D        | Found a snail-covered altar of Cheibriados.
    57 | D        | Found a shadowy altar of Dithmenos.
    57 | D        | Found a white marble altar of Elyvilon.
    57 | D        | Found a blossoming altar of Fedhas.
    57 | D        | Found an opulent altar of Gozag.
    58 | D        | Found a hazy altar of Hepliaklqana.
    59 | D        | Found a viscous altar of Jiyva.
    60 | D        | Found an ancient bone altar of Kikubaaqudgha.
    61 | D        | Found a corrupted altar of Lugonu.
    62 | D        | Found a burning altar of Makhleb.
    63 | D        | Found a sparkling altar of Nemelex Xobeh.
    64 | D        | Found an iron altar of Okawaru.
    65 | D        | Became a worshipper of Gozag Ym Sagoz the Greedy
    66 | D        | Found a stormy altar of Qazlal.
    67 | D        | Found a sacrificial altar of Ru.
    68 | D        | Found a shimmering blue altar of Sif Muna.
    69 | D        | Found a bloodstained altar of Trog.
    70 | D        | Found a hide-covered altar of Uskayaw.
    71 | D        | Found a radiant altar of Vehumet.
    72 | D        | Found an ornate altar of the Wu Jian Council.
    73 | D        | Found a shimmering altar of Xom.
    74 | D        | Found a basalt altar of Yredelemnul.
    75 | D        | Found a glowing silver altar of Zin.
    76 | D        | Found a glowing golden altar of the Shining One.
   125 | D        | Noticed a yak
   125 | D        | Noticed a yak
   125 | D        | Noticed a centaur
   125 | D        | Noticed a wraith
   135 | D        | Killed an unseen horror
   136 | D        | Reached skill level 12 in Polearms
   136 | D        | Reached XP level 6. HP: 31/64 MP: 5/5
   139 | D        | Killed a yak
   140 | D        | Reached skill level 10 in Fighting
   140 | D        | Reached skill level 13 in Polearms
   140 | D        | Reached skill level 10 in Armour
   140 | D        | Reached XP level 7. HP: 36/72 MP: 6/6
   145 | D        | Killed a yak
   157 | D        | Reached skill level 14 in Polearms
   159 | D        | Killed a wraith
   172 | D        | Reached XP level 8. HP: 36/82 MP: 7/7
   311 | D        | Noticed a cyclops
   311 | D        | Noticed a centaur warrior
   311 | D        | Noticed a centaur warrior
   311 | D        | Noticed a brown ugly thing
   311 | D        | Noticed a purple ugly thing
   315 | D        | Killed a cyclops
   316 | D        | Reached skill level 15 in Polearms
   320 | D        | Killed a centaur warrior
   321 | D        | Reached skill level 16 in Polearms
   321 | D        | Reached XP level 9. HP: 51/92 MP: 8/8
   334 | D        | Killed a centaur warrior
   335 | D        | Reached skill level 17 in Polearms
   350 | D        | Killed a green ugly thing
   351 | D        | Reached skill level 18 in Polearms
   361 | D        | Killed a green ugly thing
   713 | D        | Noticed a cane toad
   713 | D        | Noticed a catoblepas
   733 | D        | Killed a cane toad
   734 | D        | Reached skill level 19 in Polearms
   741 | D        | Killed a catoblepas
   742 | D        | Reached XP level 10. HP: 104/104 MP: 9/9
   760 | D        | Reached skill level 20 in Polearms
   766 | D        | Reached skill level 15 in Fighting
   766 | D        | Reached skill level 15 in Armour
   846 | D        | Noticed an eight-headed hydra
   846 | D        | Noticed a cane toad
   846 | D        | Noticed a cane toad
   846 | D        | Noticed a cane toad
   846 | D        | Noticed a cane toad
   857 | D        | Killed a 16-headed hydra
   859 | D        | Killed a cane toad
   861 | D        | Killed a cane toad
   863 | D        | Killed a cane toad
   864 | D        | Reached skill level 21 in Polearms
   865 | D        | Killed a cane toad
  1155 | D        | Noticed a lindwurm
  1161 | D        | Noticed a lindwurm
  1168 | D        | Reached XP level 11. HP: 97/115 MP: 10/10
  1176 | D        | Killed a lindwurm
  1177 | D        | Reached skill level 22 in Polearms
  1186 | D        | Killed a lindwurm
  1347 | D        | Noticed an ettin
  1360 | D        | Killed an ettin
  1505 | D        | Noticed an orc high priest
  1511 | D        | Noticed an orc knight
  1516 | D        | Killed an orc high priest
  1517 | D        | Reached skill level 23 in Polearms
  1528 | D        | Killed an orc knight
  1718 | D        | Found Danouv's Distillery.
  1718 | D        | Noticed an orc knight
  1718 | D        | Noticed an orc high priest
  1718 | D        | Noticed an orc knight
  1718 | D        | Noticed an orc high priest
  1718 | D        | Noticed an orc high priest
  1719 | D        | Noticed an orc high priest
  1724 | D        | Noticed a sun demon
  1725 | D        | Killed an orc knight
  1726 | D        | Found Quux Paze's Weapon Shoppe.
  1726 | D        | Noticed an orc knight
  1731 | D        | Killed an orc high priest
  1737 | D        | Killed an orc knight
  1738 | D        | Reached skill level 24 in Polearms
  1738 | D        | Noticed an orc knight
  1748 | D        | Killed an orc high priest
  1750 | D        | Killed an orc high priest
  1751 | D        | Found Byfuykh's Antique Weapon Emporium.
  1751 | D        | Noticed an orc high priest
  1754 | D        | Killed an orc high priest
  1754 | D        | Noticed an orc high priest
  1755 | D        | Found Fis Xeih's Distillery.
  1755 | D        | Noticed an orc high priest
  1760 | D        | Killed an orc knight
  1766 | D        | HP: 5/121 [orc knight/+0 great sword (31)]
  1770 | D        | Killed an orc knight
  1771 | D        | Reached XP level 12. HP: 7/128 MP: 11/11
  1835 | D        | Killed an orc high priest
  1836 | D        | Reached skill level 25 in Polearms
  1838 | D        | Killed an orc high priest
  1841 | D        | Killed an orc high priest
  2052 | D        | Noticed an orc high priest
  2065 | D        | Killed an orc high priest
  2085 | D        | Noticed an orc high priest
  2091 | D        | Killed an orc high priest
  2250 | D        | Bought a potion of haste for 130 gold pieces
  2250 | D        | Bought a potion of resistance for 130 gold pieces
  2250 | D        | Bought a potion of heal wounds for 65 gold pieces
  2250 | D        | Bought 2 potions of curing for 78 gold pieces
  2250 | D        | Bought a potion of flight for 39 gold pieces
  2250 | D        | Bought a potion of haste for 130 gold pieces
  2250 | D        | Bought a potion of lignification for 39 gold pieces
  2256 | D        | Bought a potion of heal wounds for 50 gold pieces
  2256 | D        | Bought a potion of mutation for 80 gold pieces
  2256 | D        | Bought 2 potions of cancellation for 160 gold pieces
  2256 | D        | Bought a potion of mutation for 80 gold pieces
  2256 | D        | Bought a potion of berserk rage for 50 gold pieces
  2256 | D        | Bought 2 potions of mutation for 160 gold pieces
  2256 | D        | Bought a potion of ambrosia for 80 gold pieces
  2289 | D        | Bought a potion of cancellation for 128 gold pieces
  2292 | D        | Bought a scroll of enchant weapon for 142 gold pieces
  2292 | D        | Bought a scroll of enchant weapon for 142 gold pieces
  2292 | D        | Bought a scroll of identify for 38 gold pieces
  2292 | D        | Bought a scroll of vulnerability for 76 gold pieces
  2292 | D        | Bought a scroll of torment for 180 gold pieces
  2328 | D        | Bought a scroll of enchant weapon for 232 gold pieces
  2328 | D        | Bought a small pearl amulet for 155 gold pieces
  2328 | D        | Bought a scroll of identify for 62 gold pieces
  2328 | D        | Bought a scroll labelled IXEFOYS RUQU for 31 gold pieces
  2328 | D        | Bought a fuming dark potion for 27 gold pieces
  2392 | D        | Noticed Erica
  2398 | D        | Killed Erica
  2433 | D        | Noticed Erolcha
  2439 | D        | Killed Erolcha
  2440 | D        | Reached skill level 26 in Polearms
  2443 | D        | Noticed Sonja
  2447 | D        | Killed Sonja
  2597 | D        | Noticed a boulder beetle
  2597 | D        | Noticed a boulder beetle
  2597 | D        | Noticed a centaur warrior
  2604 | D        | Killed a boulder beetle
  2615 | D        | Killed a boulder beetle
  2616 | D        | Noticed a fire giant
  2620 | D        | Killed a centaur warrior
  2622 | D        | Noticed a vampire mage
  2626 | D        | Noticed a stone giant
  2629 | D        | Killed from afar by a fire giant

Illustrated notes

Levels and vault maps discovered:
D:        linesprint [early_d, line_temple, items_1, d_10, items_2, lair_1,
          lair_end, items_3, orc_1, orc_end, items_4, d_15, swamp_1, shoals_1,
          snake_1, spider_1, d_20, vaults_1, items_5, swamp_end, shoals_end,
          snake_end, spider_end, vaults_end, d_27, items_6, zot_1, zot_end,
          crypt_end, forest_end, elf_end, slime_end, tomb_end, abyss_end,
          pan_hell_end]

Skill      XL: |  1  2  3  4  5  6  7  8  9 10 11 12 |
---------------+-------------------------------------+-----
Polearms       | 6 7 9 12 13 14 16 19 21 24 26 | 26.9
Fighting       | 5 6 7 9 10 11 12 14 16 18 20 | 20.1
Armour         | 5 6 7 9 10 11 12 14 16 18 20 | 20.1
Shields        | |  3.6

Action                     |  1- 3 |  4- 6 |  7- 9 | 10-12 || total
---------------------------+-------+-------+-------+-------++-------
  Melee: Trident           |    24 |    15 |       |       ||    39
         Headbutt          |     4 |     2 |    15 |    42 ||    63
         Halberd           |       |    14 |    80 |   239 ||   333
 Invoke: Call Merchant     |       |       |       |     5 ||     5
    Use: Potion            |       |       |     6 |    10 ||    16
         Scroll            |       |       |     1 |     6 ||     7
   Stab: Petrified         |       |       |     4 |       ||     4
         Distracted        |       |       |       |     1 ||     1
 Armour: Scale mail        |     7 |    10 |       |       ||    17
         Plate armour      |       |     8 |    33 |    77 ||   118
         Crystal plate arm |       |       |       |     8 ||     8
  Dodge: Dodged            |     9 |    11 |    23 |    52 ||    95
  Block: Buckler           |     6 |     5 |       |       ||    11
